 Dungeon Crawl Stone Soup version 0.22.0-13-g43fe8f2 (webtiles) character file.

10260 Azzok the Fencer (level 11, -1/99 HPs)
             Began as a Minotaur Fighter on Aug 16, 2018.
             Was a High Priest of Okawaru.
             Slain by a crocodile (13 damage)
             ... on level 1 of the Lair of Beasts.
             The game lasted 00:19:25 (10192 turns).

Azzok the Fencer (Minotaur Fighter)                Turns: 10192, Time: 00:19:25

Health: -1/99      AC: 14    Str: 28    XL:     11   Next: 33%
Magic:  15/15      EV:  5    Int:  5    God:    Okawaru [*****.]
Gold:   291        SH: 10    Dex: 15    Spells: 10/10 levels left

rFire    . . .     SeeInvis .   p - +1 dagger (elec)
rCold    . . .     Gourm    .   c - +0 shield
rNeg     . . .     Faith    .   I - +0 plate armour
rPois    +         Spirit   .   (helmet restricted)
rElec    .         Reflect  .   v - +0 cloak
rCorr    .         Harm     .   (no gloves)
MR       .....                  (no boots)
Stlth    ..........             F - amulet of regeneration
HPRegen  0.66/turn              N - ring "Waditu Tury" {rPois Dex+4 Stlth+}
MPRegen  0.14/turn              g - +2 ring of protection

@: mighty, slowed, very slow
A: retaliatory headbutt, horns 2
a: Heroism, Finesse, Renounce Religion


You were on level 1 of the Lair of Beasts.
You worshipped Okawaru.
Okawaru was extremely pleased with you.
You were hungry.

You visited 3 branches of the dungeon, and saw 12 of its levels.
You also visited: Sewer.

You collected 792 gold pieces.
You spent 501 gold pieces at shops.

Inventory:

Hand Weapons
 a - a +0 long sword
 p - a +1 dagger of electrocution (weapon)
Missiles
 K - a javelin (quivered)
Armour
 c - a +0 shield (worn)
 v - a +0 cloak (worn)
 I - a +0 plate armour (worn)
Jewellery
 g - a +2 ring of protection (right hand)
 m - an uncursed ring of fire
 t - an uncursed ring of resist corrosion
 F - an amulet of regeneration (around neck)
 N - the ring "Waditu Tury" (left hand) {rPois Dex+4 Stlth+}
   (You bought it in a shop on level 10 of the Dungeon)

   [ring of stealth]

   It affects your dexterity (+4).
   It protects you from poison.
   It makes you more stealthy.
Wands
 r - a wand of acid (25)
 L - a wand of iceblast (19)
 M - a wand of paralysis (13)
Scrolls
 i - 9 scrolls of identify {unknown}
 j - 7 scrolls of remove curse {unknown}
 n - 3 scrolls of teleportation {unknown}
 q - 4 scrolls of immolation {unknown}
 u - 2 scrolls of random uselessness {unknown}
 w - a scroll of fear {unknown}
 x - a scroll of fog {unknown}
 y - 2 scrolls of amnesia {unknown}
 z - 3 scrolls of noise {unknown}
 A - 3 scrolls of enchant weapon {unknown}
 B - 6 scrolls of enchant armour {unknown}
 D - 2 scrolls of magic mapping {unknown}
 G - a scroll of blinking {unknown}
 H - a scroll of silence {unknown}
Potions
 b - 2 potions of lignification {unknown}
 d - 5 potions of might
 e - 3 potions of degeneration {unknown}
 h - a potion of berserk rage {unknown}
 k - 5 potions of brilliance {unknown}
 o - 5 potions of curing
 s - a potion of mutation {unknown}
 C - 2 potions of agility {unknown}
 E - 2 potions of cancellation {unknown}
Comestibles
 f - 12 rations
 J - 5 chunks of flesh


   Skills:
 + Level 9.8 Fighting
 + Level 16.1 Long Blades
 - Level 3.6 Armour
 - Level 3.6 Shields
 + Level 7.6 Invocations


You had 10 spell levels left.
You didn't know any spells.
Your spell library was empty.

Dungeon Overview and Level Annotations

Branches:
Dungeon (10/15)            Temple (1/1) D:6            Lair (1/6) D:10
    Orc (0/2) D:9

Altars:
Ashenzari
Cheibriados
Dithmenos
Elyvilon
Fedhas
Gozag
Hepliaklqana
Kikubaaqudgha
Makhleb
Nemelex Xobeh
Okawaru
Qazlal
Ru
Sif Muna
Trog
Uskayaw
Vehumet
Wu Jian
Xom
Yredelemnul
Zin
The Shining One

Shops:
D:10 =

Annotations:
D:7 1 exclusion, Harold
D:9 1 runed door, Gaball's ghost, journeyman FoAK
D:10 Grum


Innate Abilities, Weirdness & Mutations

You reflexively headbutt those who attack you in melee.
You have a pair of horns on your head.


Message History

You feel very mighty all of a sudden. The wolf bites you.
* * * LOW HITPOINT WARNING * * *
The wolf bites you!
* * * LOW HITPOINT WARNING * * *
You block the crocodile's attack. The wraith hits you but does no damage.
You block the wolf's attack.
You closely miss the wolf. Your headbutt misses the wolf.
The crocodile bites you but does no damage.
The wraith completely misses you. You furiously retaliate!
You headbutt the wraith. You block the wolf's attack.
You puncture the wraith! Lightning courses through the wraith!
You destroy the wraith!
Okawaru accepts your kill. The wolf bites you but does no damage.
You block the crocodile's attack.
You hit the crocodile.
The crocodile is moderately wounded.
The wolf bites you but does no damage. You block the wolf's attack.
The crocodile bites you!
You die...

······
▒▒·····
·····▒
▒····▒
▒····▒
▒····▒
▒····▒▒
▒·$·@t▒
▒····h▒▒
▒▒·····
········
···········
····▒▒▒·▒▒▒P
···▒ ▒▒▒ ▒▒
···


You could see a crocodile and a wolf.

Vanquished Creatures
  Josephine (D:10)
  Erolcha (D:10)
  An unseen horror (D:10)
  An ugly thing (D:10)
  Psyche (D:10)
  A troll (D:9)
  A hippogriff (D:6)
  A yak (D:10)
  2 vampires
  A wyvern (D:8)
  5 wraiths
  Eustachio (D:4)
  A steam dragon (D:9)
  4 wargs (D:9)
  A water moccasin (D:9)
  2 necrophages
  An orc warrior (D:7)
  3 ice beasts
  3 sky beasts (D:10)
  3 phantoms
  4 ogres
  8 centaurs
  A crocodile (D:9)
  2 big kobolds (D:7)
  3 bullfrogs
  3 scorpions
  3 wights (D:10)
  13 killer bees
  4 howler monkeys
  A crimson imp (D:7)
  A bullfrog zombie (D:8)
  6 orc priests
  13 orc wizards
  7 hounds
  A jelly (D:7)
  4 bullfrog skeletons
  3 centaur skeletons
  5 iguanas
  5 worker ants
  2 hound zombies
  2 hound skeletons
  Robin (D:4)
  A howler monkey zombie (D:7)
  9 adders
  A shadow imp (D:9)
  An ooze (D:4)
  An adder zombie (D:10)
  A worm (D:2)
  3 dart slugs
  7 leopard geckos
  33 orcs
  7 giant cockroaches
  10 goblins
  6 hobgoblins
  16 jackals
  4 quokkas
  4 ball pythons
  9 bats
  16 frilled lizards
  A giant cockroach zombie (D:6)
  A jackal skeleton (D:6)
  23 kobolds
  2 rats
  A fungus (D:3)
284 creatures vanquished.

Vanquished Creatures (others)
  2 orcs (D:9)
  A fungus (D:3)
  A plant (D:7)
4 creatures vanquished.

Grand Total: 288 creatures vanquished

Notes
Turn   | Place    | Note
-------+----------+-------------------------------------------
     0 | D:1      | Azzok the Minotaur Fighter began the quest for the Orb.
     0 | D:1      | Reached XP level 1. HP: 19/19 MP: 0/0
    95 | D:1      | Reached skill level 3 in Long Blades
   441 | D:1      | Reached XP level 2. HP: 25/26 MP: 1/1
   802 | D:1      | Reached skill level 4 in Long Blades
   896 | D:1      | Reached XP level 3. HP: 30/31 MP: 2/2
  1196 | D:2      | Reached skill level 5 in Long Blades
  1421 | D:2      | Reached XP level 4. HP: 39/39 MP: 3/3
  1545 | D:2      | HP: 1/39 [iguana (6)]
  1941 | D:2      | Reached skill level 6 in Long Blades
  2240 | D:3      | Reached XP level 5. HP: 29/45 MP: 4/4
  2368 | D:3      | Reached skill level 7 in Long Blades
  2401 | D:3      | Noticed a phantom
  2412 | D:3      | Killed a phantom
  2412 | D:3      | Reached skill level 8 in Long Blades
  2412 | D:3      | Reached XP level 6. HP: 47/51 MP: 5/5
  3219 | D:4      | Found a radiant altar of Vehumet.
  3271 | D:4      | Noticed Eustachio
  3435 | D:4      | Killed Eustachio
  3435 | D:4      | Reached skill level 9 in Long Blades
  3435 | D:4      | Reached XP level 7. HP: 55/57 MP: 6/6
  3624 | D:4      | Reached skill level 10 in Long Blades
  3831 | D:4      | Noticed Robin
  3849 | D:4      | Killed Robin
  4040 | D:5      | Entered Level 5 of the Dungeon
  4157 | D:5      | Reached skill level 11 in Long Blades
  4157 | D:5      | Reached XP level 8. HP: 61/64 MP: 7/7
  4613 | D:6      | Found a staircase to the Ecumenical Temple.
  4622 | Temple   | Entered the Ecumenical Temple
  4679 | D:6      | Reached skill level 12 in Long Blades
  4888 | D:6      | Found a glowing drain.
  4897 | Sewer    | Entered a sewer
  5639 | D:6      | Found a burning altar of Makhleb.
  5651 | D:6      | Reached skill level 13 in Long Blades
  6071 | D:6      | Found a glowing golden altar of the Shining One.
  6073 | D:6      | Found a stormy altar of Qazlal.
  6075 | D:6      | Found a white marble altar of Elyvilon.
  6075 | D:6      | Found an ancient bone altar of Kikubaaqudgha.
  6075 | D:6      | Found a hazy altar of Hepliaklqana.
  6076 | D:6      | Found a bloodstained altar of Trog.
  6088 | D:6      | Found an iron altar of Okawaru.
  6093 | D:6      | Became a worshipper of Warmaster Okawaru
  6235 | D:7      | Reached XP level 9. HP: 43/70 MP: 8/8
  6405 | D:7      | Reached skill level 14 in Long Blades
  6488 | D:6      | Reached * piety under Okawaru
  6488 | D:6      | Reached skill level 1 in Invocations
  6552 | D:7      | Reached skill level 5 in Fighting
  6821 | D:7      | Noticed Harold
  7074 | D:7      | Reached ** piety under Okawaru
  7540 | D:8      | Reached XP level 10. HP: 84/84 MP: 12/12
  7787 | D:8      | Found a sacrificial altar of Ru.
  7979 | D:8      | Found a sparkling altar of Nemelex Xobeh.
  8145 | D:9      | Reached skill level 15 in Long Blades
  8175 | D:9      | Found a shimmering altar of Xom.
  8344 | D:9      | Reached skill level 5 in Invocations
  8371 | D:9      | Reached *** piety under Okawaru
  8421 | D:9      | Found a staircase to the Orcish Mines.
  8969 | D:9      | Found a runed door.
  8969 | D:9      | Found a shimmering altar of Xom.
  8969 | D:9      | Noticed a flail of chaos
  8969 | D:9      | Noticed Gaball's ghost (journeyman FoAK)
  8970 | D:9      | Found the +0 sword of Power
  9328 | D:10     | Entered Level 10 of the Dungeon
  9334 | D:10     | Noticed Psyche
  9350 | D:10     | Killed Psyche
  9452 | D:10     | Killed an unseen horror
  9524 | D:10     | Found Vaij's Jewellery Emporium.
  9620 | D:10     | Reached **** piety under Okawaru
  9666 | D:10     | Noticed a green ugly thing
  9679 | D:10     | Killed a green ugly thing
  9783 | D:10     | Bought a cursed amulet of inaccuracy for 22 gold pieces
  9784 | D:10     | Bought a cursed ring of attention for 49 gold pieces
  9785 | D:10     | Bought a cursed -2 ring of strength for 22 gold pieces
  9786 | D:10     | Bought the ring "Waditu Tury" {rPois Dex+4 Stlth+} for 408 gold pieces
  9818 | D:10     | Found a staircase to the Lair.
  9900 | D:9      | Reached XP level 11. HP: 79/97 MP: 15/15
 10138 | D:10     | Noticed Josephine
 10149 | D:10     | Killed Josephine
 10149 | D:10     | Reached skill level 16 in Long Blades
 10158 | D:10     | Noticed Erolcha
 10164 | D:10     | Noticed Grum
 10167 | D:10     | Reached ***** piety under Okawaru
 10172 | D:10     | Killed Erolcha
 10186 | D:10     | HP: 3/99 [crocodile (8)]
 10187 | Lair:1   | Entered Level 1 of the Lair of Beasts
 10192 | Lair:1   | Slain by a crocodile

Skill      XL: |  1  2  3  4  5  6  7  8  9 10 11 |
---------------+----------------------------------+-----
Long Blades    | 3 4 5 6 8 9 11 13 14 15 16 | 16.1
Fighting       | 6 9 |  9.8
Invocations    | 4 6 7 |  7.6
Armour         | |  3.6
Shields        | |  3.6

Action                   |  1- 3 |  4- 6 |  7- 9 | 10-12 || total
-------------------------+-------+-------+-------+-------++-------
Melee: Long sword        |   116 |    64 |       |       ||   180
       Headbutt          |    19 |    29 |    85 |    79 ||   212
       Dagger            |       |   108 |   477 |   374 ||   959
Throw: Javelin           |       |       |       |     7 ||     7
Invok: Heroism           |       |       |       |     2 ||     2
  Use: Potion            |       |       |     2 |     2 ||     4
  Eat: Chunk             |     2 |     6 |    14 |     8 ||    30
Armor: Scale mail        |     8 |       |       |       ||     8
       Chain mail        |    65 |    83 |    75 |       ||   223
       Plate armour      |       |       |   131 |   162 ||   293
Dodge: Dodged            |    33 |    28 |    62 |    37 ||   160
Block: Shield            |    79 |    69 |   164 |   135 ||   447
       Rpst.: Long sword |     7 |     5 |       |       ||    12
